 Dungeon Crawl Stone Soup version 0.28-a0-529-g3bad584f25 (webtiles) character file.

Game seed: 10657998642489719284

164 Shayle the Skirmisher (level 5, 0/85 HPs)
             Began as an Ogre Warper on Sept 25, 2021.
             Slain by a sky beast (2 damage)
             ... on level 3 of the Dungeon.
             The game lasted 00:09:22 (3448 turns).

Shayle the Skirmisher (Ogre Warper)                 Turns: 3448, Time: 00:09:23

Health: 0/85       AC:  3    Str: 15    XL:     5   Next: 45%
Magic:  8/8        EV:  9    Int: 15    God:
Gold:   88         SH:  0    Dex:  8    Spells: 3/8 levels left

rFire   . . .      SeeInvis .   a - +0 hand axe
rCold   . . .      Faith    .   (no shield)
rNeg    . . .      Spirit   .   b - +0 robe
rPois   .          Reflect  .   (helmet restricted)
rElec   .          Harm     .   (no cloak)
rCorr   .          Rampage  .   (gloves unavailable)
Will    .....                   (boots unavailable)
Stlth   ..........              (no amulet)
HPRegen 0.24/turn               (no ring)
MPRegen 0.11/turn               (no ring)

@: berserking (expiring), very quick
A: large, unfitting armour, tough skin 1
a: no special abilities


You were on level 3 of the Dungeon.
You visited 1 branch of the dungeon, and saw 3 of its levels.

You collected 88 gold pieces.

Inventory:

Hand Weapons
 a - a +0 hand axe (weapon)
Armour
 b - a +0 robe (worn)
Scrolls
 c - a scroll of identify
 d - a scroll of magic mapping {unknown}
Potions
 i - a potion of invisibility {unknown}


   Skills:
 + Level 5.4 Fighting
 + Level 4.1 Axes
 - Level 1.0 Throwing
 - Level 2.1 Dodging
 - Level 2.4 Spellcasting
 - Level 2.6 Translocations


You had 3 spell levels left.
You knew the following spells:

 Your Spells              Type           Power      Damage    Failure   Level
a - Blink                 Tloc           N/A        N/A       11%         2
b - Teleport Other        Tloc           9%         N/A       22%         3

Your spell library contained the following spells:

 Spells                   Type           Power      Damage    Failure   Level
 Sting                    Tmut/Pois      4%         1d3       22%         1
 Gell's Gravitas          Tloc           4%         N/A       22%         3
 Lesser Beckoning         Tloc           9%         N/A       22%         3
 Poisonous Vapours        Pois/Air       2%         N/A       32%         2
 Manifold Assault         Tloc           9%         N/A       89%         5
 Olgreb's Toxic Radiance  Pois           1%         N/A       91%         4


Dungeon Overview and Level Annotations

Branches:
Dungeon (3/15)

Altars:
Gozag


Innate Abilities, Weirdness & Mutations

You are too large for most types of armour.
You have tough skin. (AC +1)


Message History

You kill the goblin!
You miss something.
A sky beast appears from thin air!
Reactivating autopickup.
The sky beast hits you. The sky beast shocks you. The sky beast misses you.
You closely miss the sky beast. The sky beast hits you.
The sky beast shocks you.
You barely miss the sky beast. The sky beast closely misses you.
You hit the sky beast.
The sky beast is lightly wounded.
The sky beast barely misses you.
You hit the sky beast.
The sky beast is moderately wounded.
The sky beast flickers out of sight!
Deactivating autopickup; reactivate with Ctrl-A.
Something hits you. Something shocks you.
A red film seems to cover your vision as you go berserk!
You feel yourself moving faster!
You feel mighty! Something hits you. Something shocks you.
You miss something. Something hits you. Something shocks you.
You hit something. You closely miss something. Something hits you.
Something shocks you.
You barely miss something. Something hits you.
* * * LOW HITPOINT WARNING * * *
Something shocks you.
* * * LOW HITPOINT WARNING * * *
You slash something! Something hits you.
* * * LOW HITPOINT WARNING * * *
Something shocks you.
* * * LOW HITPOINT WARNING * * *
You barely miss something. You slash something!
Something hits you but does no damage.
You miss something. Something hits you.
* * * LOW HITPOINT WARNING * * *
Something shocks you.
* * * LOW HITPOINT WARNING * * *
You are too berserk!
Unknown command.
You are too berserk!
You completely miss something. Something hits you.
You die...

#.#....##....###............#
#.#.....'....')........######
#.#....##....###########
############## # ##(# #
#.#### ### ## ##
###.###.###.# #( ##. ##
##.##.##.##)###.##.##. #
##†#.#.#.#†#.#.#@#.#g#.#
..†)#..#..#..#..#{.#..#
.#...#...#..†#...#...#
#..#....#....#....#.≈..#
#...#.....#.....#.....#....
#.....#......#......#......
##.......#.......#.......#.
#..........................
#...........##.####........


There were no monsters in sight!

Vanquished Creatures
  A wyvern skeleton (D:3)
  3 adders
  An adder skeleton (D:2)
  2 worms (D:2)
  4 dart slugs
  An orc (D:3)
  3 endoplasms
  A giant cockroach (D:2)
  12 goblins
  7 hobgoblins
  2 quokkas
  2 ball pythons (D:1)
  9 bats
  8 frilled lizards
  8 kobolds
  6 rats
70 creatures vanquished.

Notes
Turn   | Place    | Note
-------+----------+-------------------------------------------
     0 | D:1      | Shayle the Ogre Warper began the quest for the Orb.
     0 | D:1      | Reached XP level 1. HP: 22/22 MP: 3/3
   104 | D:1      | HP: 1/22 [hobgoblin (2)]
   120 | D:2      | Reached skill level 3 in Fighting
   120 | D:2      | Reached XP level 2. HP: 8/31 MP: 5/5
   658 | D:1      | Reached XP level 3. HP: 29/39 MP: 6/6
   971 | D:1      | You fall into a shaft and drop 1 floor!
  1001 | D:1      | Reached skill level 4 in Fighting
  1452 | D:2      | Found an opulent altar of Gozag.
  1786 | D:2      | Noticed a golden eye
  1788 | D:2      | Found a faded altar of an unknown god.
  1789 | D:2      | Noticed a golden eye
  1789 | D:2      | Noticed a shining eye
  1789 | D:2      | Noticed an eye of devastation
  1826 | D:2      | Reached XP level 4. HP: 47/49 MP: 7/7
  1874 | D:2      | Learned a level 2 spell: Blink
  1878 | D:2      | Learned a level 3 spell: Teleport Other
  2825 | D:3      | Reached skill level 5 in Fighting
  2825 | D:3      | Reached XP level 5. HP: 23/57 MP: 8/8
  3425 | D:3      | Noticed a sky beast
  3447 | D:3      | HP: 1/85 [something (6)]
  3448 | D:3      | Slain by a sky beast

Illustrated notes

Levels and vault maps discovered:
D:1:      minmay_arrival_stone_box, layout_rooms, minivault_19
D:2:      minmay_diamond_boxcup, layout_loops_ring,
          hellmonk_ecumenical_altar_watching_god, basic_altar, minivault_25,
          kennysheep_potato
D:3:      layout_basic, demons_altar, minmay_increasing_density

Skill      XL: |  1  2  3  4  5 |
---------------+----------------+-----
Fighting       | 3 4 5 |  5.4
Axes           | 3 4 |  4.1
Throwing       | |  1.0
Dodging        | |  2.1
Spellcasting   | |  2.4
Translocations | |  2.6

Action                   |  1- 3 |  4- 6 || total
-------------------------+-------+-------++-------
Melee: Hand axe          |   151 |   131 ||   282
Throw: Boomerang         |     2 |     3 ||     5
  Use: Scroll            |     1 |     4 ||     5
       Potion            |     1 |     1 ||     2
Armor: Robe              |    49 |    50 ||    99
Dodge: Dodged            |    81 |    75 ||   156

Table legend: (Time is in decaauts)
 A = Elapsed time spent in this place.
 B = Non-inter-level travel time spent in this place.
 C = Inter-level travel time spent in this place.
 D = Time resting spent in this place.
 E = Time spent auto-exploring this place.
 F = Levels seen in this place.
 G = Mean time per level.
                   A        B        C        D        E       F      G
               +--------+--------+--------+--------+--------+-----+--------+
         Total |   3489 |   3446 |     43 |    749 |   1993 |   3 | 1163.0 |
       Dungeon |   3489 |   3446 |     43 |    749 |   1993 |   3 | 1163.0 |
               +--------+--------+--------+--------+--------+-----+--------+

Top non-repeatable levels by time:
     D:2: 1758 daAuts
     D:1: 907 daAuts
     D:3: 822 daAuts
